 Dungeon Crawl Stone Soup version 0.24-a0-439-g6dd8730de2 (console) character file.

Game seed: 17404151928250644136

12698 nht the Grappler (level 11, -1/108 (109) HPs)
             Began as a Troll Fighter on June 18, 2019.
             Was a High Priest of Okawaru.
             Slain by a warg (15 damage)
             ... on level 1 of the Orcish Mines.
             The game lasted 00:15:25 (8008 turns).

nht the Grappler (Troll Fighter)                    Turns: 8008, Time: 00:15:26

HP:   -1/108 (109)  AC: 13    Str: 29    XL:     11   Next: 65%
MP:   13/13         EV: 15    Int:  7    God:    Okawaru [*****.]
Gold: 257           SH: 13    Dex: 11    Spells: 10/10 levels left

rFire    . . .     SeeInvis .     - Unarmed
rCold    x . .     Gourm    +   b - +0 shield
rNeg     . . .     Faith    .   M - +0 troll leather armour
rPois    +         Spirit   .   (helmet restricted)
rElec    .         Reflect  .   c - +3 cloak "Etuazoz" {rPois rC- Str+3 Dex+2}
rCorr    .         Harm     .   (gloves unavailable)
MR       +....                  (boots unavailable)
Stlth    ++........             k - amulet of rage
HPRegen  1.08/turn              u - ring of protection from magic
MPRegen  0.13/turn              F - +2 ring of evasion

@: heroism
A: large, unfitting armour, claws 3, fast metabolism 3, gourmand, regeneration
1, shaggy fur 1, tough skin 3
a: Heroism, Finesse, Renounce Religion, Evoke Berserk Rage


You were on level 1 of the Orcish Mines.
You worshipped Okawaru.
Okawaru was extremely pleased with you.
You were completely stuffed.

You visited 2 branches of the dungeon, and saw 11 of its levels.

You collected 865 gold pieces.
You spent 608 gold pieces at shops.

Inventory:

Missiles
 t - 72 poisoned darts (quivered)
 y - 7 large rocks
 K - 2 silver javelins
Armour
 b - a +0 shield (worn)
 c - the +3 cloak "Etuazoz" (worn) {rPois rC- Str+3 Dex+2}
   (You bought it in a shop on level 8 of the Dungeon)

   It affects your strength (+3).
   It affects your dexterity (+2).
   It makes you vulnerable to cold.
   It protects you from poison.
 e - the +0 robe "Fiopt" {SInv, unknown}
   (Okawaru gifted it to you on level 10 of the Dungeon)

   It lets you see invisible.
 M - a +0 troll leather armour (worn)
Jewellery
 k - an amulet of rage (around neck)
 u - a ring of protection from magic (left claw)
 v - an uncursed ring of fire
 F - a +2 ring of evasion (right claw)
Wands
 C - a wand of iceblast (2)
 E - a wand of random effects (5)
 I - a wand of enslavement (8)
 L - a wand of paralysis (12)
Scrolls
 g - 7 scrolls of teleportation
 j - a scroll of fog
 n - 2 scrolls of magic mapping
 o - 5 scrolls of remove curse
 q - 2 scrolls of enchant weapon {unknown}
 s - a scroll of random uselessness {unknown}
 x - 3 scrolls of fear {unknown}
 z - 2 scrolls of enchant armour {unknown}
 B - 4 scrolls of amnesia {unknown}
 D - a scroll of immolation {unknown}
 G - 2 scrolls of blinking {unknown}
 H - a scroll of identify
 O - a scroll of brand weapon {unknown}
Potions
 a - a potion of lignification
 h - 8 potions of curing
 i - 3 potions of heal wounds
 l - a potion of brilliance
 m - 3 potions of cancellation
 p - a potion of agility
 r - 3 potions of ambrosia
 w - a potion of magic
 A - a potion of mutation
 N - a potion of haste
 P - a potion of invisibility
Comestibles
 d - 15 rations
 f - 2 chunks of flesh


   Skills:
 + Level 7.2(12.2) Fighting
 + Level 7.1(12.1) Throwing
 - Level 2.4(7.4) Dodging
 + Level 7.2(12.2) Shields
 * Level 11.5(16.5) Unarmed Combat
 + Level 5.1 Invocations


You had 10 spell levels left.
You didn't know any spells.
Your spell library contained the following spells:

 Spells                   Type           Power        Failure   Level  Hunger
 Confusing Touch          Hex            #.....       45%         1    ##.....
 Corona                   Hex            #......      45%         1    ##.....
 Flame Tongue             Conj/Fire      #....        45%         1    ##.....
 Magic Dart               Conj           #...         45%         1    ##.....
 Blink                    Tloc           N/A          61%         2    ###....
 Call Imp                 Summ           #.......     61%         2    ###....
 Slow                     Hex            #.......     61%         2    ###....
 Throw Flame              Conj/Fire      #.....       61%         2    ###....
 Confuse                  Hex            #.......     83%         3    ####...
 Conjure Flame            Conj/Fire      #.......     83%         3    ####...
 Gell's Gravitas          Tloc           #.........   83%         3    ####...
 Inner Flame              Hex/Fire       #.......     83%         3    ####...
 Mephitic Cloud           Conj/Pois/Air  #.......     83%         3    ####...
 Portal Projectile        Hex/Tloc       #.....       83%         3    ####...
 Cause Fear               Hex            #.........   99%         4    #####..
 Leda's Liquefaction      Hex/Erth       #.........   99%         4    #####..
 Petrify                  Tmut/Erth      #.......     99%         4    #####..
 Sticky Flame             Conj/Fire      #.......     99%         4    #####..
 Fireball                 Conj/Fire      #.........   100%        5    ######.
 Metabolic Englaciation   Hex/Ice        #.........   100%        5    ######.
 Yara's Violent Unravell  Hex/Tmut       #.........   100%        5    ######.


Dungeon Overview and Level Annotations

Branches:
Dungeon (10/15)            Temple (0/1) D:4            Lair (0/6) D:8
    Orc (1/2) D:10

Altars:
Dithmenos
Elyvilon
Fedhas
Gozag
Kikubaaqudgha
Makhleb
Okawaru
Ru
Vehumet
Xom
Yredelemnul
Zin
The Shining One
Beogh

Shops:
D:5 [%   D:7 [   D:8 [   D:10 !


Innate Abilities, Weirdness & Mutations

You are too large for most types of armour.
You have claws for hands.
Your metabolism is lightning-fast.
You like to eat raw meat.
Your natural rate of healing is unusually fast.
You are covered in fur. (AC +1)
You have extremely tough skin. (AC +3)


Message History

The orc hits you with a +0 mace.
* * * LOW HITPOINT WARNING * * *
You scratch the orc warrior.
The orc warrior is lightly wounded.
You block the orc warrior's attack. You block the orc's attack. x2
The warg bites you.
* * * LOW HITPOINT WARNING * * *
The orc barely misses you.
You eviscerate the orc warrior!!!
You kill the orc warrior!
Okawaru accepts your kill. The warg closely misses you. The orc hits you.
* * * LOW HITPOINT WARNING * * *
You block the orc's attack. You block the orc warrior's attack.
You block the orc's attack.
You mangle the orc!!
You kill the orc!
Okawaru accepts your kill. The warg bites you!
You die...

███..... ██.█....█
. ██.$.o...██....
█$........█....
█...█.......$█
███.)██......█
██..$).██)█...█
█......oh@o...█
...█$..)(oooo..██
.......)....<...█
.............█>..█
.............██.██
.█.██...$....$██..
..█
█.............. .
█....██.......█.
█....██.....██


You could see a warg, 2 orc warriors and 5 orcs.

Vanquished Creatures
  A death knight (D:8)
  2 two-headed ogres (D:9)
  2 orc knights
  An orc sorcerer (Orc:1)
  A troll (D:9)
  A hornet (D:7)
  Prince Ribbit (D:9)
  4 hippogriffs
  A wraith (D:9)
  8 yaks
  A basilisk (D:8)
  A steam dragon (D:10)
  Grum (D:10)
  A water moccasin (D:10)
  2 porcupines (D:8)
  4 necrophages
  9 orc warriors
  A sky beast (D:9)
  3 ice beasts
  A black bear (D:8)
  A phantom (D:9)
  2 ogres
  6 centaurs
  2 crocodiles (D:8)
  4 wolves (D:10)
  A big kobold (D:9)
  5 bullfrogs
  2 scorpions
  14 wights
  8 killer bees (D:8)
  3 howler monkeys
  2 crimson imps
  2 bullfrog zombies
  2 centaur zombies
  A hound (D:5)
  Crazy Yiuf (D:4)
  2 jellies
  5 orc priests
  2 centaur skeletons
  6 orc wizards
  Jessica (D:3)
  2 iguanas
  Terence (D:3)
  6 worker ants
  A hound skeleton (D:4)
  A worker ant zombie (D:6)
  8 adders
  A shadow imp (D:10)
  2 oozes
  An adder skeleton (D:4)
  An adder zombie (D:5)
  A dart slug (D:2)
  4 leopard geckos
  52 orcs
  2 ball pythons
  3 giant cockroaches
  11 goblins
  14 hobgoblins
  24 jackals
  13 kobolds
  5 quokkas
  7 bats
  5 frilled lizards
  A leopard gecko skeleton (D:5)
  A quokka skeleton (D:6)
  8 rats
293 creatures vanquished.

Vanquished Creatures (others)
  A fungus (D:8)
  4 plants (D:8)
5 creatures vanquished.

Grand Total: 298 creatures vanquished

Notes
Turn   | Place    | Note
-------+----------+-------------------------------------------
     0 | D:1      | nht the Troll Fighter began the quest for the Orb.
     0 | D:1      | Reached XP level 1. HP: 22/22 MP: 0/0
    56 | D:1      | Reached XP level 2. HP: 29/29 MP: 1/1
   316 | D:1      | Reached XP level 3. HP: 36/36 MP: 2/2
   599 | D:2      | Reached skill level 3 in Unarmed Combat
  1046 | D:2      | Found a blossoming altar of Fedhas.
  1197 | D:3      | Found an iron altar of Okawaru.
  1209 | D:3      | Noticed Jessica
  1210 | D:3      | Noticed Terence
  1219 | D:3      | Killed Terence
  1219 | D:3      | Reached XP level 4. HP: 14/45 MP: 3/3
  1220 | D:3      | Killed Jessica
  1235 | D:3      | Became a worshipper of Warmaster Okawaru
  1446 | D:3      | Reached skill level 4 in Unarmed Combat
  1446 | D:3      | Reached XP level 5. HP: 52/53 MP: 4/4
  1695 | D:3      | Found a burning altar of Makhleb.
  1696 | D:3      | Found a shimmering altar of Xom.
  1771 | D:3      | Found a white marble altar of Elyvilon.
  1771 | D:3      | Found an ancient bone altar of Kikubaaqudgha.
  1954 | D:4      | Reached skill level 1 in Throwing
  1954 | D:4      | Reached XP level 6. HP: 61/61 MP: 5/5
  2025 | D:4      | Found a basalt altar of Yredelemnul.
  2065 | D:4      | Found an opulent altar of Gozag.
  2186 | D:4      | Reached * piety under Okawaru
  2186 | D:4      | Reached skill level 5 in Unarmed Combat
  2197 | D:4      | Found a staircase to the Ecumenical Temple.
  2212 | D:4      | Found a glowing silver altar of Zin.
  2525 | D:4      | Reached XP level 7. HP: 32/68 MP: 6/6
  2914 | D:4      | Found a runed translucent door.
  2915 | D:4      | Noticed Crazy Yiuf
  3056 | D:4      | Killed Crazy Yiuf
  3099 | D:5      | Entered Level 5 of the Dungeon
  3178 | D:5      | Found a sacrificial altar of Ru.
  3228 | D:5      | Found Siocue's Antique Armour Emporium.
  3301 | D:5      | Found Adwuop's Food Shoppe.
  3413 | D:5      | Found a radiant altar of Vehumet.
  3425 | D:5      | Found a shadowy altar of Dithmenos.
  3547 | D:5      | Found a glowing golden altar of the Shining One.
  3918 | D:5      | Reached skill level 6 in Unarmed Combat
  4060 | D:6      | Reached ** piety under Okawaru
  4146 | D:6      | Reached XP level 8. HP: 72/78 MP: 7/7
  4340 | D:6      | Reached skill level 7 in Unarmed Combat
  4493 | D:6      | Found a sacrificial altar of Ru.
  4638 | D:7      | Noticed a hornet
  4642 | D:7      | Killed a hornet
  4649 | D:7      | Reached *** piety under Okawaru
  4649 | D:7      | Reached skill level 5 in Fighting
  4649 | D:7      | Reached skill level 5 in Shields
  4684 | D:7      | Reached XP level 9. HP: 85/88 MP: 8/8
  4711 | D:7      | Reached skill level 8 in Unarmed Combat
  4962 | D:7      | Found Sasiod's Antique Armour Shop.
  5317 | D:8      | Found Satir's Antique Armour Emporium.
  5348 | D:8      | Bought a twisted cloak for 256 gold pieces
  5358 | D:8      | Identified the +3 cloak "Etuazoz" {rPois rC- Str+3 Dex+2}
                  | (You bought it in a shop on level 8 of the Dungeon)
  5393 | D:8      | Reached skill level 1 in Invocations
  5400 | D:8      | Reached **** piety under Okawaru
  5409 | D:8      | Found a staircase to the Lair.
  5487 | D:8      | Reached skill level 5 in Throwing
  5487 | D:8      | Reached skill level 9 in Unarmed Combat
  5626 | D:8      | Noticed a death knight
  5627 | D:8      | hey buddy
  5639 | D:8      | Killed a death knight
  5639 | D:8      | Reached XP level 10. HP: 82/98 MP: 7/10
  5835 | D:8      | Reached ***** piety under Okawaru
  5903 | D:8      | Received a gift from Okawaru
  5904 | D:8      | Got an ivory glaive {god gift}
  6027 | D:9      | Noticed Prince Ribbit
  6050 | D:9      | Killed Prince Ribbit
  6064 | D:9      | Noticed a two-headed ogre
  6078 | D:9      | Killed a two-headed ogre
  6078 | D:9      | Reached skill level 10 in Unarmed Combat
  6303 | D:9      | Noticed a two-headed ogre
  6320 | D:9      | Killed a two-headed ogre
  6320 | D:9      | Received a gift from Okawaru
  6557 | D:10     | Entered Level 10 of the Dungeon
  6557 | D:10     | Found Aneesk's Distillery.
  6563 | D:10     | Reached XP level 11. HP: 107/107 MP: 11/13
  6570 | D:10     | Bought a potion of lignification for 33 gold pieces
  6570 | D:10     | Bought a potion of lignification for 33 gold pieces
  6570 | D:10     | Bought a potion of mutation for 88 gold pieces
  6570 | D:10     | Bought a potion of cancellation for 88 gold pieces
  6570 | D:10     | Bought a potion of haste for 110 gold pieces
  6884 | D:10     | Noticed Grum
  6894 | D:10     | Received a gift from Okawaru
  6909 | D:10     | Killed Grum
  6970 | D:10     | Got a crude robe {god gift}
  7051 | D:10     | Found a roughly hewn altar of Beogh.
  7051 | D:10     | Found a staircase to the Orcish Mines.
  7053 | D:10     | Noticed an orc knight
  7085 | D:10     | Killed an orc knight
  7085 | D:10     | Reached skill level 11 in Unarmed Combat
  7952 | Orc:1    | Entered Level 1 of the Orcish Mines
  7965 | Orc:1    | Noticed an orc sorcerer
  7968 | Orc:1    | Noticed an orc knight
  7973 | Orc:1    | Killed an orc sorcerer
  7982 | Orc:1    | Killed an orc knight
  7982 | Orc:1    | Reached skill level 5 in Invocations
  8008 | Orc:1    | Slain by a warg

Levels and vault maps discovered:
D:1:      lightli_arrival_windingriver, layout_rooms
D:2:      layout_loops_ring, lemuel_doored_altar, first_ration,
          minmay_rat_gold_closets
D:3:      layout_loops_ring, grunt_temple_overflow_champion_of_chaos,
          okawaru_trees_2, gammafunk_temple_overflow_elements, uniq_terence,
          uniq_jessica
D:4:      layout_layer_cave, old_standard_altar, old_standard_altar,
          overflow_temple_1_default, minmay_temple_entry_purple_smoke, hex_tiny,
          minmay_circle_x, uniq_crazy_yiuf_cottage
D:5:      minmay_razor_zed, layout_loops_ring, lemuel_crystal_altar,
          old_standard_altar, nicolae_tso_swordbearing_angel, serial_shops,
          shop_coins, shop_fountains, serial_glass, glass_columns_b,
          glass_columns_a, glass_columns_b, glass_columns_b, glass_columns_a,
          glass_columns_c, nicolae_ru_awakened_eye
D:6:      layout_cave_pools, kennysheep_mini, grunt_ministairs_14
D:7:      corexii_shack_village, layout_rooms, serial_shops, shop
D:8:      layout_cave_pools, minmay_lair_entry_grove, serial_shops,
          nicolae_shop_crystal
D:9:      layout_big_octagon, uniq_prince_ribbit1
D:10:     layout_layer_cave, david_orc_5, serial_shops, shop, library_closet,
          uniq_grum
Orc:1:    layout_caves

Skill      XL: |  1  2  3  4  5  6  7  8  9 10 11 |
---------------+----------------------------------+-----
Unarmed Combat | 3 4 5 6 7 9 10 11 | 11.5
Fighting       | 3 4 5 6 7 |  7.2
Shields        | 3 4 5 6 7 |  7.2
Throwing       | 1 2 4 5 6 7 |  7.1
Invocations    | 2 4 5 |  5.1
Dodging        | |  2.4

Action                   |  1- 3 |  4- 6 |  7- 9 | 10-12 || total
-------------------------+-------+-------+-------+-------++-------
Melee: Unarmed           |   114 |   150 |   333 |   317 ||   914
Throw: Dart              |       |    15 |    14 |    31 ||    60
Invok: Heroism           |       |       |     3 |     6 ||     9
Evoke: Wand              |       |       |    30 |    26 ||    56
  Use: Potion            |     2 |       |     7 |     1 ||    10
       Scroll            |       |       |    15 |     2 ||    17
 Stab: Sleeping          |     2 |       |     1 |       ||     3
  Eat: Chunk             |    17 |    11 |    30 |    21 ||    79
Armor: Robe              |    58 |    37 |    75 |    15 ||   185
       Skin              |       |       |     3 |    17 ||    20
       Troll leather arm |       |       |       |    49 ||    49
Dodge: Dodged            |    54 |    53 |   177 |   118 ||   402
Block: Shield            |    48 |    67 |   164 |   210 ||   489

Table legend:
 A = Non-vault XP
 B = Vault XP
 C = Vault XP percentage of total XP
 D = Non-vault monster count
 E = Vault monster count
 F = Vault count percentage of total count
                 A         B        C        D         E       F
            +---------+---------+-------+---------+---------+-------
      Total |   13873 |    4268 |  23.5 |     221 |      72 |  24.6
            +---------+---------+-------+---------+---------+-------
        D:1 |      44 |       0 |   0.0 |      21 |       0 |   0.0
        D:2 |      27 |       6 |  18.2 |      14 |       6 |  30.0
        D:3 |     134 |     121 |  47.5 |      30 |       3 |   9.1
        D:4 |     417 |      65 |  13.5 |      17 |       3 |  15.0
        D:5 |     231 |     131 |  36.2 |      11 |       4 |  26.7
        D:6 |     810 |     109 |  11.9 |      18 |       2 |  10.0
        D:7 |     979 |      26 |   2.6 |      14 |      13 |  48.1
        D:8 |    2322 |    1849 |  44.3 |      30 |      12 |  28.6
        D:9 |    3316 |     277 |   7.7 |      19 |       1 |   5.0
       D:10 |    3590 |    1684 |  31.9 |      31 |      28 |  47.5
      Orc:1 |    2003 |       0 |   0.0 |      16 |       0 |   0.0
            +---------+---------+-------+---------+---------+-------
